Description

Testing build order for personal use. Using spawning tool so needs to be published in order for me to access it .

Replay - Newkirk Precinct TE (Void) (6)

Build Order

Get SALT Encoding   

  12  0:02  Drone  
  13  0:09  Drone  
  14  0:24  Overlord  
  14  0:44  Drone x3  
  14  0:47  Extractor  
  16  0:56  Drone  
  17  0:59  Spawning Pool  
  16  1:06  Drone  
  17  1:17  Drone  
  18  1:28  Hatchery  
  18  1:31  Drone  
  18  1:46  Queen  
  20  1:48  Drone  
  20  1:52  Metabolic Boost  
  22  2:00  Overlord  
  22  2:20  Zergling x2  
  22  2:21  Queen, Zergling x2  
  29  2:44  Queen  
  32  2:57  Pneumatized Carapace  
  33  3:12  Overlord  
  36  3:28  Hatchery  
  42  3:48  Lair  
  44  4:00  Roach Warren  
  44  4:01  Overlord  
  44  4:16  Extractor  
  43  4:17  Extractor  
  43  4:19  Extractor  
  51  4:46  Zergling x2  
  51  4:47  Overlord  
  51  4:48  Glial Reconstitution  
  58  5:11  Roach x5  
  58  5:12  Roach x3  
  74  5:40  Evolution Chamber  
  74  5:41  Evolution Chamber  
  81  5:53  Queen x3  
  81  5:56  Roach x2  
  92  6:02  Ravager x2  
  94  6:06  Zerg Missile Weapons Level 1  
  94  6:10  Zerg Ground Armor Level 1  
  142  7:09  Ravager x2  
  142  7:11  Ravager  
  167  7:56  Zergling x2  
  168  9:05  Hatchery  
  168  9:08  Hatchery  
Spawning Tool Build Advisor. Get it on Overwolf

Go to:

Details

  • Created by: crisperrgk
  • Published on: Jan 22, 2017
  • Modified on: Jan 22, 2017
  • Patch: 3.8.0
Show
View Real Time Build Order
Export as new Build Order

Comments (0)

There are no comments. Be the first!

Create an account to comment!